[Event "45th FIDE Womens Olympiad 2024"]
[Site "Budapest"]
[Date "2024.09.15"]
[Round "5.217"]
[White "Rouda Essa, Alserkal"]
[Black "Seine, Rose Berline"]
[Result "1-0"]
[ECO "C92"]
[WhiteElo "2036"]
[BlackElo "1778"]
[PlyCount "53"]
[EventDate "2024.09.05"]
[EventType "team-tourn"]
[EventCountry "HUN"]
[WhiteTeam "United Arab Emirates"]
[BlackTeam "Haiti"]
[WhiteTeamCountry "UAE"]
[BlackTeamCountry "HAI"]
[TimeControl "40/5400+30:1800+30"]

1. e4 e5 2. Nf3 Nc6 3. Bb5 a6 4. Ba4 Be7 5. O-O Nf6 6. Re1 b5 7. Bb3 d6 8. c3 O-O 9. h3 Re8 10. d4 exd4 11. cxd4 Na5 12. Bc2 Bb7 13. a3 d5 14. e5 Ne4 15. Nc3 f5 16. exf6 Nxf6 17. Qd3 h6 18. Bxh6 Ne4 19. Nxe4 dxe4 20. Rxe4 Bxe4 21. Qxe4 Bf6 22. Qh7+ Kf8 23. Bd2 Nc4 24. Bb4+ Nd6 25. Bb3 a5 26. Qg8+ Ke7 27. Qf7# 1-0

[Event "45th FIDE Womens Olympiad 2024"]
[Site "Budapest"]
[Date "2024.09.15"]
[Round "5.218"]
[White "Cadeau, Merisena"]
[Black "Mariam, Essa"]
[Result "1/2-1/2"]
[ECO "E24"]
[WhiteElo "1671"]
[BlackElo "1779"]
[PlyCount "89"]
[EventDate "2024.09.05"]
[EventType "team-tourn"]
[EventCountry "HUN"]
[WhiteTeam "Haiti"]
[BlackTeam "United Arab Emirates"]
[WhiteTeamCountry "HAI"]
[BlackTeamCountry "UAE"]
[TimeControl "40/5400+30:1800+30"]

1. d4 Nf6 2. c4 e6 3. Nc3 Bb4 4. Nf3 c5 5. a3 Bxc3+ 6. bxc3 O-O 7. Bg5 Qa5 8. Qc1 Ne4 9. Be7 Re8 10. Bxc5 Nxc5 11. dxc5 Qxc5 12. e3 b6 13. Be2 Ba6 14. Nd2 Nc6 15. Ne4 Qe7 16. Qd2 d5 17. cxd5 exd5 18. Bxa6 dxe4 19. O-O Rad8 20. Qc2 Rd5 21. Rfd1 Ra5 22. Bc4 Rxa3 23. Rxa3 Qxa3 24. Bb5 Qc5 25. Qa4 g6 26. Bxc6 Rc8 27. Bb7 Rc7 28. Qa5 a6 29. Qxa6 Qxc3 30. Qxb6 Rd7 31. Rb1 Qc2 32. h3 Rd2 33. Rf1 Kg7 34. Qb4 f5 35. Qe7+ Kh6 36. Qf8+ Kg5 37. h4+ Kh5 38. Qf6 h6 39. Ba6 Rd1 40. Qe5 Rxf1+ 41. Bxf1 Qd1 42. g3 g5 43. Qxf5 Qxf1+ 44. Kh2 Qg1+ 45. Kxg1 1/2-1/2

[Event "45th FIDE Womens Olympiad 2024"]
[Site "Budapest"]
[Date "2024.09.15"]
[Round "5.219"]
[White "Anoud, Eisa Bashkardi"]
[Black "Dunat, Kineberlie"]
[Result "1-0"]
[ECO "C62"]
[WhiteElo "1811"]
[BlackElo "1582"]
[PlyCount "105"]
[EventDate "2024.09.05"]
[EventType "team-tourn"]
[EventCountry "HUN"]
[WhiteTeam "United Arab Emirates"]
[BlackTeam "Haiti"]
[WhiteTeamCountry "UAE"]
[BlackTeamCountry "HAI"]
[TimeControl "40/5400+30:1800+30"]

1. e4 e5 2. Nf3 Nc6 3. Bb5 d6 4. d4 exd4 5. Nxd4 Bd7 6. O-O Nxd4 7. Bxd7+ Qxd7 8. Qxd4 Nf6 9. Nc3 Be7 10. h3 O-O 11. Be3 h6 12. Rad1 Qc6 13. f4 Rad8 14. f5 a6 15. g4 Nh7 16. Nd5 Bf6 17. Nxf6+ Nxf6 18. g5 hxg5 19. Bxg5 Qb6 20. Bxf6 gxf6 21. Qxb6 cxb6 22. Rd4 Rd7 23. Rfd1 Rfd8 24. c4 Kf8 25. Kf2 Ke7 26. h4 Rh8 27. Kg3 Rdd8 28. b4 Rdg8+ 29. Kh3 Rd8 30. a4 a5 31. bxa5 bxa5 32. Rb1 Rb8 33. Rb6 Rhd8 34. Rd5 Rd7 35. Rxa5 Rc8 36. Rb4 Rdc7 37. Ra7 Rb8 38. a5 Rd7 39. a6 b6 40. Rxd7+ Kxd7 41. a7 Ra8 42. Ra4 Kc6 43. h5 Kb7 44. h6 Kc6 45. h7 Kb7 46. Kh4 Kc7 47. Kh5 Kd7 48. Kh6 Ke7 49. Kg7 b5 50. cxb5 d5 51. h8=Q Rxh8 52. Kxh8 Kd6 53. a8=Q 1-0

[Event "45th FIDE Womens Olympiad 2024"]
[Site "Budapest"]
[Date "2024.09.15"]
[Round "5.220"]
[White "Belgarde, Roudena"]
[Black "Almaamari, Zainab Darwish"]
[Result "0-1"]
[ECO "B20"]
[WhiteElo "1540"]
[BlackElo "1661"]
[PlyCount "144"]
[EventDate "2024.09.05"]
[EventType "team-tourn"]
[EventCountry "HUN"]
[WhiteTeam "Haiti"]
[BlackTeam "United Arab Emirates"]
[WhiteTeamCountry "HAI"]
[BlackTeamCountry "UAE"]
[TimeControl "40/5400+30:1800+30"]

1. e4 c5 2. Nc3 e6 3. Bc4 a6 4. a3 b5 5. Be2 Bb7 6. d3 Be7 7. Nf3 Nf6 8. O-O O-O 9. Bd2 d5 10. exd5 exd5 11. Na2 Nc6 12. Nh4 Qd7 13. g3 Nd4 14. f3 Nxe2+ 15. Qxe2 d4 16. Qe5 Nd5 17. Qf5 Qc6 18. Ng2 Bc8 19. Qe4 f5 20. Qe2 Bf6 21. Rac1 Re8 22. Qf2 Ne3 23. Rfe1 Be6 24. b3 Bd5 25. Nxe3 dxe3 26. Bxe3 Bb2 27. Rb1 Bxa3 28. Kg2 c4 29. dxc4 bxc4 30. b4 c3 31. Nc1 Rab8 32. Nd3 Ba2 33. Ra1 Qc4 34. Bc5 Bb2 35. Rad1 Qb5 36. Qd4 Red8 37. Qf4 Qa4 38. Re2 Re8 39. Rde1 Rxe2+ 40. Rxe2 Re8 41. Rf2 Bb1 42. Qc4+ Kh8 43. Qf7 Ba2 44. Qxf5 Be6 45. Qg5 Qd7 46. Qh4 Bf5 47. Nf4 Bc1 48. Nh5 Re1 49. Bd4 Bh3+ 50. Qxh3 Rg1+ 51. Kxg1 Qxh3 52. Nxg7 Kg8 53. Re2 Qd7 54. Re4 Qa4 55. Bxc3 Qxc2 56. Bd4 Qb3 57. Nf5 Bg5 58. Rg4 Qb1+ 59. Kg2 Qc2+ 60. Kf1 Qd3+ 61. Kg2 Qc2+ 62. Kf1 Qd1+ 63. Kf2 Qc2+ 64. Kf1 Qxf5 65. Kg2 h5 66. Re4 Bd2 67. h4 Bxb4 68. Re5 Qd3 69. Rg5+ Kf7 70. Ba7 Qe2+ 71. Kh3 Qxf3 72. Bd4 Qh1# {0-} 0-1

[Event "45th FIDE Womens Olympiad 2024"]
[Site "Budapest"]
[Date "2024.09.15"]
[Round "5.221"]
[White "Quevedo, Andreina"]
[Black "Ollet, Myra"]
[Result "1-0"]
[ECO "B07"]
[WhiteElo "1851"]
[BlackElo "1658"]
[PlyCount "53"]
[EventDate "2024.09.05"]
[EventType "team-tourn"]
[EventCountry "HUN"]
[WhiteTeam "Uruguay"]
[BlackTeam "Guam"]
[WhiteTeamCountry "URU"]
[BlackTeamCountry "GMA"]
[TimeControl "40/5400+30:1800+30"]

1. e4 d6 2. d4 Nf6 3. Nc3 c6 4. f4 e6 5. Nf3 Nbd7 6. Bd3 Qc7 7. e5 dxe5 8. fxe5 Nd5 9. Nxd5 cxd5 10. O-O h6 11. Nh4 Nxe5 12. dxe5 Qxe5 13. Bb5+ Ke7 14. Re1 Qd6 15. Nf5+ Kf6 16. Nxd6 Bxd6 17. Qf3+ Kg6 18. Bd3+ f5 19. b3 Bd7 20. Bb2 Kf7 21. Bxf5 Ke7 22. Bxe6 Rhf8 23. Bxd7+ Kxd7 24. Qxd5 Kc7 25. Be5 Rad8 26. Bxd6+ Rxd6 27. Re7+ 1-0

[Event "45th FIDE Womens Olympiad 2024"]
[Site "Budapest"]
[Date "2024.09.15"]
[Round "5.222"]
[White "Ramas, Carmina Jasmine"]
[Black "Fabra, Nahiara"]
[Result "1/2-1/2"]
[ECO "D00"]
[WhiteElo "1712"]
[BlackElo "1932"]
[PlyCount "87"]
[EventDate "2024.09.05"]
[EventType "team-tourn"]
[EventCountry "HUN"]
[WhiteTeam "Guam"]
[BlackTeam "Uruguay"]
[WhiteTeamCountry "GMA"]
[BlackTeamCountry "URU"]
[TimeControl "40/5400+30:1800+30"]

1. d4 d5 2. Bf4 Nf6 3. e3 Bf5 4. c4 e6 5. Qb3 b6 6. Nc3 Bd6 7. Bg3 dxc4 8. Bxc4 O-O 9. Nf3 Bxg3 10. hxg3 Nc6 11. Be2 Qe7 12. Nh4 Rad8 13. Nxf5 exf5 14. Qb5 Nb4 15. Qxf5 g6 16. Qb1 Rfe8 17. a3 Nbd5 18. Nxd5 Nxd5 19. O-O Nxe3 20. fxe3 Qxe3+ 21. Rf2 Rxd4 22. Bf3 Rd2 23. Qf1 Rxb2 24. Rd1 Rxf2 25. Qxf2 Qxa3 26. Bc6 Rf8 27. Kh1 Qc3 28. Qf3 Qc5 29. Rd7 Qc1+ 30. Rd1 Qc5 31. Rd7 Qc1+ 32. Rd1 Qc4 33. Bd5 Qc5 34. Bc6 a5 35. Rd7 Qe5 36. Bd5 Qe8 37. Rxc7 b5 38. Ra7 a4 39. Bc6 Qe5 40. Rb7 Qb2 41. Bxb5 Qc1+ 42. Bf1 a3 43. Ra7 Qh6+ 44. Kg1 1/2-1/2

[Event "45th FIDE Womens Olympiad 2024"]
[Site "Budapest"]
[Date "2024.09.15"]
[Round "5.223"]
[White "Silva Rosas, Natalia"]
[Black "Estur, Grace Co"]
[Result "1-0"]
[ECO "C30"]
[WhiteElo "1868"]
[BlackElo "1586"]
[PlyCount "95"]
[EventDate "2024.09.05"]
[EventType "team-tourn"]
[EventCountry "HUN"]
[WhiteTeam "Uruguay"]
[BlackTeam "Guam"]
[WhiteTeamCountry "URU"]
[BlackTeamCountry "GMA"]
[TimeControl "40/5400+30:1800+30"]

1. e4 e5 2. f4 d6 3. Bc4 Nf6 4. Nc3 Be7 5. Nf3 Nc6 6. f5 Nd4 7. d3 c6 8. a3 Rb8 9. O-O b5 10. Ba2 Qc7 11. Be3 Nxf3+ 12. Qxf3 b4 13. axb4 Rxb4 14. Bb3 a5 15. Ra2 O-O 16. Rfa1 Rxb3 17. cxb3 Qb8 18. Qd1 Bd8 19. h3 d5 20. Bc5 Re8 21. Bf2 Qb4 22. Ra4 Qd6 23. g4 Nd7 24. Qf3 d4 25. Ne2 Nc5 26. R4a3 Na6 27. Ng3 Nb4 28. Qe2 Ba6 29. Rd1 Re7 30. g5 c5 31. f6 gxf6 32. Nf5 Qe6 33. Nxe7+ Qxe7 34. gxf6 Qxf6 35. Qg4+ Kf8 36. Qg3 Bc7 37. Raa1 Qe6 38. Rac1 Qxb3 39. Qg5 Bxd3 40. Qg4 Bd6 41. Qc8+ Kg7 42. Qg4+ Kf8 43. Rd2 Nc2 44. Bh4 Ne3 45. Qg5 Nc4 46. Qd8+ Kg7 47. Rg2+ Kh6 48. Qg5# 1-0

[Event "45th FIDE Womens Olympiad 2024"]
[Site "Budapest"]
[Date "2024.09.15"]
[Round "5.224"]
[White "Nacario, Ruth"]
[Black "Cardozo, Camila"]
[Result "0-1"]
[ECO "D36"]
[WhiteElo "1607"]
[BlackElo "1673"]
[PlyCount "172"]
[EventDate "2024.09.05"]
[EventType "team-tourn"]
[EventCountry "HUN"]
[WhiteTeam "Guam"]
[BlackTeam "Uruguay"]
[WhiteTeamCountry "GMA"]
[BlackTeamCountry "URU"]
[TimeControl "40/5400+30:1800+30"]

1. d4 d5 2. c4 e6 3. Nc3 Nf6 4. Bg5 Nbd7 5. e3 Be7 6. cxd5 exd5 7. Bd3 c6 8. Qc2 O-O 9. Nf3 Re8 10. O-O Nf8 11. h3 g6 12. Bh6 Ne6 13. Rad1 Ng7 14. e4 dxe4 15. Nxe4 Nxe4 16. Bxe4 Bf5 17. Bd3 Bxd3 18. Rxd3 Nf5 19. Bf4 Ng7 20. Qb3 Qb6 21. Qc3 Rad8 22. Rfd1 Bb4 23. Qc2 Rd5 24. a3 Bf8 25. Be5 Ne6 26. Rb3 Rb5 27. Rxb5 Qxb5 28. Rd3 Qd5 29. b4 a5 30. Rb3 axb4 31. axb4 Bg7 32. Bxg7 Kxg7 33. Rd3 Rd8 34. Qd2 Qd6 35. g3 Qd5 36. Kh2 b6 37. Qc3 Kg8 38. Rd2 Qe4 39. h4 h5 40. Rd1 c5 41. bxc5 bxc5 42. Qe3 Qd5 43. Qe2 cxd4 44. Ne1 Nc7 45. Nd3 Re8 46. Qb2 Ne6 47. Re1 Qf3 48. Qb5 Rd8 49. Qc4 Qd5 50. Qa6 Rd6 51. Qc8+ Rd8 52. Qa6 Ra8 53. Qb6 Ra2 54. Qb8+ Kg7 55. Rf1 Qf3 56. Qb1 Rd2 57. Ne5 Rxf2+ 58. Rxf2 Qxf2+ 59. Kh3 Qf5+ 60. Qxf5 gxf5 61. Nd3 Kf6 62. Kg2 Ng7 63. Kf3 Ke6 64. Kf4 f6 65. Kf3 Kd5 66. Nc1 Kc4 67. Ke2 Ne6 68. Kd2 Nc5 69. Kc2 Ne4 70. Nd3 Nxg3 71. Nf4 Ne4 72. Nd3 Ng3 73. Nf4 Nf1 74. Nxh5 d3+ 75. Kd1 Kc3 76. Nf4 Ne3+ 77. Ke1 d2+ 78. Ke2 d1=Q+ 79. Kxe3 Qd4+ 80. Kf3 Qe4+ 81. Kg3 Qe3+ 82. Kg2 Qxf4 83. Kh3 Qg4+ 84. Kh2 f4 85. Kh1 f3 86. Kh2 Qg2# {0-} 0-1

[Event "45th FIDE Womens Olympiad 2024"]
[Site "Budapest"]
[Date "2024.09.15"]
[Round "5.225"]
[White "Johnson, Gabriella"]
[Black "Georgina, Sackie"]
[Result "0-1"]
[ECO "B13"]
[WhiteElo "1896"]
[BlackElo "1688"]
[PlyCount "90"]
[EventDate "2024.09.05"]
[EventType "team-tourn"]
[EventCountry "HUN"]
[WhiteTeam "Trinidad & Tobago"]
[BlackTeam "Liberia"]
[BlackTeamCountry "LBR"]
[TimeControl "40/5400+30:1800+30"]

1. e4 c6 2. d4 d5 3. exd5 cxd5 4. Bd3 Nc6 5. c3 Nf6 6. h3 Qc7 7. Nf3 e6 8. Be3 Be7 9. Nbd2 a6 10. O-O h6 11. Rc1 g5 12. Nh2 Bd6 13. Ng4 Nxg4 14. Qxg4 Be7 15. Qh5 e5 16. Be2 Be6 17. Bg4 O-O-O 18. Bxe6+ fxe6 19. dxe5 Qxe5 20. Bd4 Qf4 21. Be3 Qf6 22. Nf3 e5 23. Rfd1 Kb8 24. Qg4 Rdg8 25. Rxd5 h5 26. Qe4 Bd6 27. Bc5 Bc7 28. Nh2 g4 29. h4 Qxh4 30. Bd6 Qg5 31. Bxc7+ Kxc7 32. Rcd1 h4 33. Rd7+ Kb8 34. Qe3 g3 35. Nf3 gxf2+ 36. Qxf2 Qg4 37. R1d6 h3 38. Rd2 hxg2 39. Qxg2 Qxf3 40. Rd8+ Nxd8 41. Rxd8+ Rxd8 42. Qxf3 Rdg8+ 43. Kf2 Rf8 44. Ke3 Rxf3+ 45. Kxf3 Kc7 {0-} 0-1

[Event "45th FIDE Womens Olympiad 2024"]
[Site "Budapest"]
[Date "2024.09.15"]
[Round "5.226"]
[White "Meleh, N. Davis"]
[Black "Hermoso Rodriguez, Ysvett"]
[Result "0-1"]
[ECO "D10"]
[WhiteElo "1602"]
[BlackElo "1943"]
[PlyCount "60"]
[EventDate "2024.09.05"]
[EventType "team-tourn"]
[EventCountry "HUN"]
[WhiteTeam "Liberia"]
[BlackTeam "Trinidad & Tobago"]
[WhiteTeamCountry "LBR"]
[TimeControl "40/5400+30:1800+30"]

1. d4 d5 2. c4 c6 3. Nc3 Nf6 4. Bg5 dxc4 5. a4 Nd5 6. Bd2 Nxc3 7. bxc3 b5 8. e4 Qc7 9. Ne2 Nd7 10. g3 Bb7 11. Bg2 e5 12. O-O Be7 13. Qb1 a6 14. dxe5 Nc5 15. axb5 cxb5 16. Nd4 Qxe5 17. Nxb5 Nb3 18. Bf4 Qxb5 19. Ra2 O-O 20. Qc2 Rfd8 21. Qe2 a5 22. Rb1 a4 23. Bf1 Ba6 24. Bc1 Qd7 25. e5 Bb5 26. Qe4 Rac8 27. Be2 Bc6 28. Qxc4 Qh3 29. Bf1 Rd1 30. Qe2 Qg2# {0-} 0-1

[Event "45th FIDE Womens Olympiad 2024"]
[Site "Budapest"]
[Date "2024.09.15"]
[Round "5.227"]
[White "La Fleur, Zara"]
[Black "Abigail, Karyah"]
[Result "0-1"]
[ECO "B13"]
[WhiteElo "1773"]
[BlackElo "1790"]
[PlyCount "112"]
[EventDate "2024.09.05"]
[EventType "team-tourn"]
[EventCountry "HUN"]
[WhiteTeam "Trinidad & Tobago"]
[BlackTeam "Liberia"]
[BlackTeamCountry "LBR"]
[TimeControl "40/5400+30:1800+30"]

1. e4 c6 2. d4 d5 3. exd5 cxd5 4. Bd3 Nc6 5. c3 Nf6 6. Bf4 Bg4 7. Qb3 Qd7 8. Nd2 e6 9. h3 Bh5 10. Ngf3 Bd6 11. Bxd6 Qxd6 12. O-O O-O 13. Rae1 Rab8 14. Ne5 b5 15. f4 b4 16. Qa4 bxc3 17. bxc3 Ne7 18. Rb1 Rfc8 19. Qc2 Bg6 20. Nxg6 hxg6 21. Nb3 Nd7 22. Qd2 Rb7 23. Rbc1 Rbc7 24. Bb5 Nc6 25. Rf3 Ncb8 26. h4 Nf6 27. Bd3 Nbd7 28. g3 Qa3 29. Bb1 a5 30. Kg2 a4 31. Na1 Qd6 32. Bd3 Nb6 33. Re3 Nc4 34. Bxc4 Rxc4 35. Qe2 Ne4 36. h5 Rxc3 37. Rh1 Rxe3 38. Qxe3 g5 39. Rc1 Rxc1 40. Qxc1 gxf4 41. gxf4 Qb4 42. Qg1 Qd2+ 43. Kf3 Qd3+ 44. Kg4 Qe2+ 45. Kh4 Nf6 46. h6 Qh5+ 47. Kg3 Qg4+ 48. Kf2 Qxf4+ 49. Ke2 Qxh6 50. Nc2 Ne4 51. Qe1 Qh3 52. Ne3 Qh2+ 53. Kd3 Qxa2 54. Qa5 g6 55. Qd8+ Kg7 56. Qc7 Qd2# {0-} 0-1

[Event "45th FIDE Womens Olympiad 2024"]
[Site "Budapest"]
[Date "2024.09.15"]
[Round "5.228"]
[White "Kemvee, H. Sambola"]
[Black "James, Shemilah"]
[Result "0-1"]
[ECO "D35"]
[WhiteElo "1440"]
[BlackElo "1774"]
[PlyCount "120"]
[EventDate "2024.09.05"]
[EventType "team-tourn"]
[EventCountry "HUN"]
[WhiteTeam "Liberia"]
[BlackTeam "Trinidad & Tobago"]
[WhiteTeamCountry "LBR"]
[TimeControl "40/5400+30:1800+30"]

1. d4 d5 2. c4 e6 3. Nc3 Nf6 4. Bg5 Be7 5. e3 c6 6. cxd5 exd5 7. Qb3 Nbd7 8. Nf3 h6 9. Bxf6 Nxf6 10. Bd3 Qb6 11. Qxb6 axb6 12. O-O O-O 13. Rab1 Bb4 14. Rfc1 b5 15. a3 Bd6 16. e4 dxe4 17. Nxe4 Nxe4 18. Bxe4 Re8 19. Re1 Be6 20. Rbd1 Bb3 21. Rd3 Bc4 22. Rdd1 Rad8 23. Bd3 Rxe1+ 24. Nxe1 Bd5 25. Nf3 Bxf3 26. gxf3 Bf4 27. Re1 Kf8 28. Re4 Bc1 29. Re2 Rxd4 30. Rc2 Rxd3 31. Rxc1 Rxf3 32. Rd1 Ke7 33. Kg2 Rb3 34. Rd2 b6 35. f3 c5 36. Kg3 c4 37. Re2+ Kd6 38. Rd2+ Rd3 39. Re2 c3 40. bxc3 Rxc3 41. Rb2 Kc5 42. Ra2 Kc4 43. Kf4 Kb3 44. Ra1 Kb2 45. Rd1 Kxa3 46. Rd7 b4 47. Rxf7 g5+ 48. Kg4 b3 49. Ra7+ Kb2 50. Ra6 Rc6 51. f4 gxf4 52. Kxf4 Kc2 53. h4 b2 54. Ra2 Kc1 55. Ra4 b1=Q 56. Re4 Qxe4+ 57. Kxe4 b5 58. Kd5 Rc2 59. h5 b4 60. Kd4 b3 {0-} 0-1

[Event "45th FIDE Womens Olympiad 2024"]
[Site "Budapest"]
[Date "2024.09.15"]
[Round "5.229"]
[White "Ghitza, Elena"]
[Black "Shariff, Sasha Christina"]
[Result "1-0"]
[ECO "D35"]
[WhiteElo "1817"]
[BlackElo "1538"]
[PlyCount "79"]
[EventDate "2024.09.05"]
[EventType "team-tourn"]
[EventCountry "HUN"]
[WhiteTeam "Malta"]
[BlackTeam "Guyana"]
[WhiteTeamCountry "MLT"]
[BlackTeamCountry "GUY"]
[TimeControl "40/5400+30:1800+30"]

1. c4 e6 2. Nc3 d5 3. cxd5 exd5 4. d4 Nf6 5. Nf3 Be7 6. Bg5 Nbd7 7. Qb3 O-O 8. e3 c6 9. a4 b6 10. Bd3 c5 11. Nxd5 Bb7 12. Nxe7+ Qxe7 13. O-O Rac8 14. Rac1 Bxf3 15. gxf3 Qd6 16. Bf4 Qd5 17. Qxd5 Nxd5 18. Bd6 Rfd8 19. Ba6 Rc6 20. Bg3 Nb4 21. Bb5 Rcc8 22. Bd6 a6 23. Bxd7 Rxd7 24. dxc5 bxc5 25. Rxc5 Rxc5 26. Bxc5 Nd3 27. Bd4 Rc7 28. Bc3 Kf8 29. Rd1 Rd7 30. Kf1 g6 31. Rd2 Ne5 32. Rxd7 Nxd7 33. Bd4 Ke7 34. Ke2 Kd6 35. Kd3 Nb8 36. Kc4 Kc6 37. b4 Nd7 38. b5+ axb5+ 39. axb5+ Kb7 40. Kd5 1-0

[Event "45th FIDE Womens Olympiad 2024"]
[Site "Budapest"]
[Date "2024.09.15"]
[Round "5.230"]
[White "Joshi, Aditi Narayan"]
[Black "Thornton, Filipina"]
[Result "1/2-1/2"]
[ECO "E91"]
[WhiteElo "1546"]
[BlackElo "1768"]
[PlyCount "59"]
[EventDate "2024.09.05"]
[EventType "team-tourn"]
[EventCountry "HUN"]
[WhiteTeam "Guyana"]
[BlackTeam "Malta"]
[WhiteTeamCountry "GUY"]
[BlackTeamCountry "MLT"]
[TimeControl "40/5400+30:1800+30"]

1. d4 Nf6 2. c4 g6 3. Nc3 Bg7 4. e4 d6 5. Nf3 O-O 6. Be2 Na6 7. h3 c5 8. d5 Nc7 9. Bf4 a6 10. Qd3 b5 11. e5 bxc4 12. Qxc4 Nd7 13. exd6 Nb5 14. O-O Nxd6 15. Qb3 Rb8 16. Qc2 Bb7 17. Rad1 Rc8 18. Qd2 Re8 19. Ng5 Nf6 20. Bf3 Qa5 21. Rfe1 Rcd8 22. Qe2 Nf5 23. Be5 Bh6 24. Bxf6 exf6 25. Nge4 Kg7 26. Qc4 Nd4 27. Qxc5 Nxf3+ 28. gxf3 Qxc5 29. Nxc5 Bc8 30. Kg2 1/2-1/2

[Event "45th FIDE Womens Olympiad 2024"]
[Site "Budapest"]
[Date "2024.09.15"]
[Round "5.231"]
[White "Farrugia, Jamie"]
[Black "Clement, Ciel Desiree"]
[Result "1-0"]
[ECO "B22"]
[WhiteElo "1733"]
[BlackElo "1460"]
[PlyCount "93"]
[EventDate "2024.09.05"]
[EventType "team-tourn"]
[EventCountry "HUN"]
[WhiteTeam "Malta"]
[BlackTeam "Guyana"]
[WhiteTeamCountry "MLT"]
[BlackTeamCountry "GUY"]
[TimeControl "40/5400+30:1800+30"]

1. e4 c5 2. c3 d5 3. exd5 Qxd5 4. d4 Nf6 5. Nf3 Bg4 6. Be2 cxd4 7. cxd4 Nc6 8. Nc3 Qd8 9. O-O e6 10. Bg5 Be7 11. Qd3 a6 12. Rfd1 O-O 13. a3 Qd6 14. d5 Ne5 15. Nxe5 Qxe5 16. Bxf6 Bxf6 17. Bxg4 exd5 18. Qxd5 Qxd5 19. Rxd5 Rfe8 20. Rad1 h6 21. g3 Re7 22. Rd7 Rae8 23. Kf1 Kf8 24. Bf3 b6 25. Bc6 Bxc3 26. Rxe7 Rc8 27. Re8+ Rxe8 28. Bxe8 Bxb2 29. Bc6 Bxa3 30. Re1 g6 31. Ra1 Bc5 32. Rxa6 Ke7 33. Ra7+ Kd6 34. Bb5 f5 35. Rg7 Kd5 36. Rd7+ Ke5 37. Ke2 Ke4 38. Bc4 f4 39. f3+ Ke5 40. Rd5+ Kf6 41. gxf4 Bg1 42. h3 Bh2 43. Ke3 Ke6 44. Rd2+ Kf5 45. Rxh2 g5 46. fxg5 hxg5 47. h4 1-0

[Event "45th FIDE Womens Olympiad 2024"]
[Site "Budapest"]
[Date "2024.09.15"]
[Round "5.232"]
[White "Archibald, Treskole"]
[Black "Stagno, Milena"]
[Result "0-1"]
[ECO "B73"]
[WhiteElo "1400"]
[BlackElo "1664"]
[PlyCount "46"]
[EventDate "2024.09.05"]
[EventType "team-tourn"]
[EventCountry "HUN"]
[WhiteTeam "Guyana"]
[BlackTeam "Malta"]
[WhiteTeamCountry "GUY"]
[BlackTeamCountry "MLT"]
[TimeControl "40/5400+30:1800+30"]

1. e4 c5 2. Nf3 Nc6 3. d4 cxd4 4. Nxd4 g6 5. Nc3 Bg7 6. Be3 d6 7. Be2 Nf6 8. O-O O-O 9. f4 Qb6 10. Na4 Qa5 11. Nc3 Nxd4 12. Bxd4 e5 13. fxe5 dxe5 14. Be3 Be6 15. Bf3 Rad8 16. Qe2 Rc8 17. Qf2 a6 18. Rfd1 Ng4 19. Bxg4 Bxg4 20. Rd5 Qb4 21. Bc1 f5 22. exf5 Rxf5 23. Qh4 Qb6+ {0-} 0-1

[Event "45th FIDE Womens Olympiad 2024"]
[Site "Budapest"]
[Date "2024.09.15"]
[Round "5.233"]
[White "Strade, Arita"]
[Black "Sele, Timea"]
[Result "1-0"]
[ECO "B13"]
[WhiteElo "1946"]
[BlackElo "1699"]
[PlyCount "111"]
[EventDate "2024.09.05"]
[EventType "team-tourn"]
[EventCountry "HUN"]
[WhiteTeam "Guernsey"]
[BlackTeam "Liechtenstein"]
[BlackTeamCountry "LIE"]
[TimeControl "40/5400+30:1800+30"]

1. e4 c6 2. d4 d5 3. exd5 cxd5 4. Bd3 Nc6 5. c3 Qc7 6. Ne2 Bg4 7. f3 Bd7 8. Bf4 e5 9. dxe5 Nxe5 10. Bc2 Nf6 11. O-O Bd6 12. Kh1 O-O 13. Nd2 Rfe8 14. Nd4 Nh5 15. Bg5 Ng6 16. f4 Nhxf4 17. Qf3 Bc6 18. g3 Ne6 19. Be3 Nxd4 20. Bxd4 Re7 21. Rae1 Rae8 22. Rxe7 Rxe7 23. Qf2 b6 24. Nf3 Bb5 25. Re1 Nf8 26. a4 Ba6 27. Nh4 Rxe1+ 28. Qxe1 Ne6 29. Nf5 Bf8 30. Qe3 Qc4 31. Qf2 Nxd4 32. Nxd4 Bc5 33. Qe1 Qf1+ 34. Qxf1 Bxf1 35. Kg1 Bh3 36. Kf2 Bxd4+ 37. cxd4 h6 38. Ke3 f6 39. Kf4 g5+ 40. Kf3 Be6 41. Bd3 Kf7 42. b4 a5 43. b5 h5 44. Bc2 Bg4+ 45. Ke3 Ke6 46. h4 Bf5 47. Bd1 Be4 48. Kd2 gxh4 49. gxh4 Bg6 50. Ke3 Bf7 51. Bc2 f5 52. Kf4 Bg6 53. Kg5 Kf7 54. Bxf5 Bxf5 55. Kxf5 Ke7 56. Ke5 1-0

[Event "45th FIDE Womens Olympiad 2024"]
[Site "Budapest"]
[Date "2024.09.15"]
[Round "5.237"]
[White "Lou, Yuxin"]
[Black "Alazmi, Amani"]
[Result "1-0"]
[ECO "E74"]
[WhiteElo "1654"]
[BlackElo "1673"]
[PlyCount "73"]
[EventDate "2024.09.05"]
[EventType "team-tourn"]
[EventCountry "HUN"]
[WhiteTeam "Hong Kong, China"]
[BlackTeam "Kuwait"]
[BlackTeamCountry "KUW"]
[TimeControl "40/5400+30:1800+30"]

1. d4 Nf6 2. c4 g6 3. Nc3 Bg7 4. e4 d6 5. Be2 O-O 6. Bg5 c5 7. d5 b5 8. cxb5 a6 9. f3 axb5 10. Bxb5 Ba6 11. Bxa6 Nxa6 12. Nge2 Qb6 13. Qd2 Rfb8 14. Rb1 c4 15. Be3 Qc7 16. O-O Nb4 17. b3 Nd3 18. Nd4 Ne5 19. Rfc1 cxb3 20. axb3 Rb7 21. Na4 Qd7 22. Nc6 Nh5 23. Nxe5 Bxe5 24. Nb6 Rxb6 25. Bxb6 Nf4 26. Be3 g5 27. Rc2 Qb5 28. Bxf4 Bxf4 29. Qe2 Qb6+ 30. Kh1 Ra3 31. Rc8+ Kg7 32. Qb2+ Be5 33. Qxa3 Qf2 34. Qc1 Qh4 35. Qg1 Bg3 36. Rc3 Bf2 37. g3 1-0

[Event "45th FIDE Womens Olympiad 2024"]
[Site "Budapest"]
[Date "2024.09.15"]
[Round "5.238"]
[White "Alazemi, Aisha"]
[Black "Leung, Hoi Ting"]
[Result "0-1"]
[ECO "C02"]
[WhiteElo "1539"]
[BlackElo "1619"]
[PlyCount "92"]
[EventDate "2024.09.05"]
[EventType "team-tourn"]
[EventCountry "HUN"]
[WhiteTeam "Kuwait"]
[BlackTeam "Hong Kong, China"]
[WhiteTeamCountry "KUW"]
[TimeControl "40/5400+30:1800+30"]

1. e4 e6 2. d4 d5 3. e5 c5 4. c3 Nc6 5. Nf3 Qb6 6. Bd3 Bd7 7. O-O cxd4 8. cxd4 Nxd4 9. Nxd4 Qxd4 10. Nc3 Qxe5 11. Re1 Qd6 12. Nb5 Qb8 13. Qf3 Bd6 14. Kh1 Ne7 15. Nd4 O-O 16. Bxh7+ Kxh7 17. Qh5+ Kg8 18. Nf3 f6 19. Nh4 Qe8 20. Qf3 Qf7 21. Bd2 Rad8 22. Rad1 Ng6 23. Nxg6 Qxg6 24. h4 Qf5 25. Qxf5 exf5 26. Ba5 b6 27. Rxd5 Bc6 28. Bxb6 Bxd5 29. Bxd8 Rxd8 30. b3 Kf7 31. Rd1 Be6 32. g3 Ke7 33. Rc1 f4 34. gxf4 Bxf4 35. Re1 Rd2 36. a4 Rxf2 37. Re4 Rh2+ 38. Kg1 Rxh4 39. Kg2 Kd6 40. Rd4+ Bd5+ 41. Kf1 Ke5 42. Rb4 g5 43. Ke2 Rh2+ 44. Kd3 g4 45. Rb8 g3 46. Re8+ Be6 {0-} 0-1

[Event "45th FIDE Womens Olympiad 2024"]
[Site "Budapest"]
[Date "2024.09.15"]
[Round "5.239"]
[White "Liu, Tian Yi"]
[Black "Nema, Rabab"]
[Result "1/2-1/2"]
[ECO "C05"]
[WhiteElo "1607"]
[BlackElo "1601"]
[PlyCount "82"]
[EventDate "2024.09.05"]
[EventType "team-tourn"]
[EventCountry "HUN"]
[WhiteTeam "Hong Kong, China"]
[BlackTeam "Kuwait"]
[BlackTeamCountry "KUW"]
[TimeControl "40/5400+30:1800+30"]

1. e4 e6 2. d4 d5 3. Nd2 Nf6 4. e5 Nfd7 5. f4 c5 6. c3 Nc6 7. Ndf3 f6 8. Bd3 a6 9. h4 b5 10. Qe2 cxd4 11. cxd4 Bb4+ 12. Kd1 Qe7 13. h5 Ba5 14. g4 Nf8 15. g5 f5 16. h6 g6 17. a3 Nd7 18. Qf1 Bd8 19. Ne2 Nb6 20. Ke1 Na5 21. Kf2 Nb3 22. Rb1 Nc4 23. Qd1 Nba5 24. Bd2 Nc6 25. Be1 Bd7 26. Nc1 Bb6 27. Be2 Kf7 28. Kg3 Rhc8 29. Nb3 a5 30. Bf2 a4 31. Nc5 Bxc5 32. dxc5 N6a5 33. Ne1 Nb3 34. Nd3 Bc6 35. Bf3 Nbd2 36. Bg2 Nxb1 37. Qxb1 Qb7 38. Bd4 Nd2 39. Qc2 Ne4+ 40. Kh3 Ke7 41. Rc1 Kd7 1/2-1/2